Map: Королевская бухта РВ

Players

Vanya - Winner!

  • Race: Zerg Zerg
  • Spawn Location: 11:00

BuRning

  • Race: Terran Terran
  • Spawn Location: 5:00

Event: 2019 WCS Summer

VOD

Have the link to the VOD?

Description

Time

  • Played on: July 12, 2019, 9:59 a.m.
  • Length: 26:18

All games in this series

Show
View Real Time Build Order
Export as new Build Order

Vanya Zerg - Winner!

Build Orders: Hatch First 

Get SALT Encoding   

  12  0:01  Drone  
  13  0:12  Overlord  
  13  0:18  Drone  
  14  0:31  Drone x2  
  16  0:50  Hatchery  
  16  0:54  Drone  
  16  0:56  Drone  
  17  1:00  Drone  
  18  1:11  Extractor  
  17  1:16  Spawning Pool  
  16  1:19  Drone  
  16  1:23  Drone  
  18  1:30  Drone  
  20  1:40  Drone  
  20  1:50  Overlord  
  20  2:03  Zergling x4  
  20  2:07  Queen  
  24  2:13  Zergling x4  
  25  2:24  Zergling x4  
  26  2:35  Drone x2  
  28  2:39  Queen  
  28  2:43  Drone  
  30  2:47  Drone  
  31  2:52  Metabolic Boost  
  31  2:57  Queen  
  33  3:02  Overlord  
  33  3:06  Drone  
  33  3:08  Drone  
  35  3:13  Overlord  
  35  3:17  Drone  
  35  3:20  Drone  
  35  3:22  Drone  
  35  3:24  Drone  
  38  3:27  Drone  
  38  3:29  Drone  
  38  3:33  Drone  
  41  3:37  Drone  
  42  3:47  Drone x3  
  45  3:56  Hatchery  
  45  3:58  Drone  
  45  4:04  Overlord  
  45  4:05  Baneling Nest  
  44  4:10  Queen  
  44  4:14  Drone  
  48  4:17  Drone  
  48  4:22  Queen  
  50  4:26  Zergling x4  
  52  4:31  Spore Crawler  
  52  4:32  Drone, Spore Crawler  
  52  4:35  Zergling x4  
  53  4:48  Baneling  
  53  4:49  Baneling x4  
  53  4:50  Overlord  
  53  4:57  Drone  
  53  4:58  Baneling, Zergling x6  
  57  5:02  Drone x3  
  57  5:05  Extractor  
  57  5:06  Drone, Extractor  
  59  5:08  Drone  
  59  5:11  Drone, Lair  
  59  5:12  Drone  
  62  5:16  Drone  
  62  5:18  Drone x2  
  62  5:19  Drone  
  62  5:20  Drone  
  66  5:26  Drone x2  
  68  5:29  Drone  
  68  5:32  Queen  
  71  5:38  Spore Crawler  
  71  5:39  Overlord  
  71  5:40  Drone x2  
  71  5:42  Overlord  
  72  5:47  Overlord  
  72  5:51  Overlord  
  72  6:00  Zergling x4  
  72  6:01  Overlord  
  72  6:02  Drone x2  
  76  6:05  Baneling x3  
  76  6:06  Drone, Evolution Chamber  
  76  6:07  Evolution Chamber  
  76  6:09  Drone x2  
  76  6:10  Overseer  
  77  6:13  Drone x2  
  77  6:15  Drone  
  77  6:16  Drone  
  80  6:19  Drone  
  80  6:22  Drone  
  80  6:25  Drone  
  80  6:26  Drone x3  
  80  6:28  Drone  
  80  6:31  Drone  
  84  6:36  Zerg Melee Weapons Level 1  
  84  6:37  Zerg Ground Armor Level 1  
  84  6:38  Extractor  
  84  6:39  Extractor  
  81  6:42  Drone  
  81  6:46  Hatchery  
  81  6:49  Hydralisk Den, Drone x2  
  81  6:53  Overlord  
  81  6:54  Drone x2  
  84  7:01  Extractor  
  84  7:02  Drone x2  
  84  7:05  Drone x2  
  87  7:09  Centrifical Hooks  
  87  7:10  Zergling x10  
  87  7:11  Zergling x4  
  87  7:14  Baneling x2  
  87  7:15  Zergling x6  
  96  7:19  Zergling x2  
  96  7:20  Zergling x2  
  99  7:23  Grooved Spines  
  99  7:27  Hydralisk x2  
  99  7:28  Zergling x2  
  104  7:30  Hydralisk  
  104  7:34  Overlord  
  104  7:35  Hydralisk  
  108  7:43  Drone x5  
  113  7:44  Baneling x2  
  113  7:45  Baneling x2  
  107  7:52  Drone x5  
  107  7:56  Infestation Pit  
  107  7:57  Extractor  
  109  7:59  Drone x2  
  109  8:02  Extractor  
  109  8:04  Spore Crawler  
  108  8:07  Drone  
  108  8:08  Drone  
  108  8:09  Drone  
  111  8:13  Drone  
  111  8:14  Drone x3  
  111  8:18  Hydralisk x2  
  111  8:19  Hydralisk  
  121  8:25  Hatchery  
  121  8:26  Drone x2  
  122  8:28  Hydralisk x2  
  122  8:30  Overlord x2  
  126  8:34  Muscular Augments  
  126  8:35  Hive  
  126  8:37  Overseer  
  126  8:42  Hydralisk  
  126  8:44  Zerg Ground Armor Level 2  
  126  8:45  Zerg Missile Weapons Level 1  
  127  8:49  Hydralisk x2  
  127  8:50  Hydralisk  
  127  8:55  Hydralisk x3  
  133  9:02  Hydralisk x2  
  143  9:04  Overlord  
  143  9:05  Overlord x2  
  143  9:18  Overlord  
  143  9:22  Overlord  
  140  9:33  Drone x3  
  143  9:47  Viper x5  
  143  9:48  Viper  
  143  9:50  Drone  
  143  9:51  Drone, Evolution Chamber, Overlord  
  143  9:52  Evolution Chamber  
  161  9:54  Hatchery, Extractor, Evolution Chamber  
  161  9:56  Hydralisk x4  
  161  9:58  Extractor  
  165  10:03  Hydralisk, Drone x3  
  165  10:04  Hydralisk x2  
  174  10:14  Spire  
  173  10:20  Overlord  
  173  10:21  Zergling x2  
  173  10:22  Zergling x26  
  173  10:24  Hydralisk x4  
  173  10:25  Hydralisk  
  173  10:26  Zergling x2  
  173  10:28  Zergling x2  
  193  10:40  Zergling x6  
  193  10:41  Queen  
  173  10:53  Drone x3  
  173  10:54  Drone x3  
  173  10:56  Zerg Missile Weapons Level 2  
  177  10:57  Drone x3  
  177  10:58  Hydralisk  
  177  11:01  Baneling x2  
  177  11:02  Baneling x3  
  182  11:07  Baneling  
  182  11:08  Baneling x3  
  182  11:17  Hydralisk x3  
  179  11:35  Hydralisk x4  
  175  11:41  Hydralisk x3  
  175  11:43  Greater Spire  
  177  11:49  Hydralisk x3  
  177  11:51  Hydralisk  
  177  11:52  Hydralisk x3  
  183  11:55  Hydralisk x2  
  187  12:11  Zerg Melee Weapons Level 2  
  187  12:12  Overseer  
  187  12:16  Overlord  
  186  12:28  Overlord  
  186  12:36  Overlord  
  186  12:37  Drone  
  186  12:38  Drone x3  
  186  12:40  Hydralisk x2  
  194  12:44  Baneling x4  
  194  12:45  Baneling x4  
  194  12:46  Hydralisk x2  
  194  12:47  Hydralisk  
  191  12:57  Hydralisk  
  191  12:58  Hydralisk x17  
  198  13:06  Overlord x2  
  198  13:10  Overlord  
  192  13:22  Hydralisk x3  
  187  13:27  Hydralisk  
  187  13:28  Hydralisk x3  
  187  13:31  Hydralisk x2  
  187  13:32  Hydralisk  
  170  13:41  Zergling x2  
  170  13:42  Zergling x32  
  170  13:47  Zerg Missile Weapons Level 3  
  173  13:50  Corruptor x2  
  173  13:52  Zergling x2  
  173  13:53  Zergling x2  
  179  13:58  Zergling x4  
  179  13:59  Overseer  
  179  14:03  Zergling x8  
  179  14:05  Baneling x8  
  183  14:12  Hydralisk x2  
  186  14:18  Drone  
  186  14:19  Drone, Overlord x3  
  185  14:31  Drone x4  
  185  14:35  Overlord  
  170  14:49  Corruptor x4  
  170  14:52  Brood Lord x2  
  173  14:55  Corruptor x2  
  173  14:56  Corruptor  
  169  15:00  Drone  
  169  15:01  Drone x4  
  169  15:04  Zerg Flyer Armor Level 1  
  174  15:14  Baneling x4  
  174  15:16  Spine Crawler x2  
  174  15:17  Drone x3  
  174  15:20  Drone, Spine Crawler  
  174  15:21  Drone, Spore Crawler  
  173  15:24  Overseer  
  173  15:26  Brood Lord x6  
  186  15:28  Brood Lord  
  184  15:38  Spore Crawler  
  184  15:39  Drone x6  
  184  15:40  Drone x3  
  184  15:42  Drone x4  
  191  15:45  Drone x3  
  192  15:51  Drone  
  192  15:55  Drone x2  
  192  15:56  Spine Crawler  
  193  15:57  Corruptor x2  
  193  15:59  Spine Crawler  
  196  16:06  Zerg Melee Weapons Level 3  
  196  16:07  Zerg Ground Armor Level 3  
  192  16:20  Corruptor x2  
  192  16:21  Hydralisk  
  192  16:22  Hydralisk  
  200  16:28  Extractor  
  199  16:41  Hatchery  
  198  16:50  Hydralisk, Overseer  
  198  16:51  Hydralisk x3, Zergling x4  
  194  16:57  Corruptor x2  
  194  16:58  Zerg Flyer Weapons Level 1, Corruptor  
  200  17:24  Drone, Spine Crawler  
  200  17:25  Spine Crawler  
  200  17:26  Overlord  
  200  17:29  Hatchery  
  198  17:31  Spire  
  193  17:46  Corruptor x3  
  199  17:56  Extractor  
  198  18:06  Overseer x3  
  198  18:14  Pathogen Glands  
  194  18:29  Spore Crawler x2  
  194  18:31  Spore Crawler x2  
  194  18:32  Corruptor x9  
  199  18:44  Zerg Flyer Armor Level 2  
  199  18:52  Burrow  
  199  19:22  Spine Crawler x2  
  187  19:38  Drone x3  
  181  19:47  Infestor  
  181  19:48  Infestor x8  
  181  19:50  Neural Parasite  
  181  19:51  Zerg Flyer Weapons Level 2  
  199  19:55  Spine Crawler  
  198  20:12  Drone x2, Spine Crawler, Spore Crawler  
  198  20:13  Spine Crawler  
  197  20:14  Spore Crawler  
  196  20:28  Spine Crawler  
  196  20:30  Spore Crawler  
  189  21:02  Brood Lord x2  
  189  21:04  Brood Lord x3  
  199  21:10  Pneumatized Carapace  
  199  21:11  Overseer  
  199  21:12  Overseer  
  194  21:47  Corruptor x4  
  197  21:56  Overlord  
  197  21:59  Overlord  
  191  22:02  Hydralisk x5  
  194  22:27  Hydralisk  
  194  22:28  Hydralisk x9  
  194  22:31  Corruptor x3  
  180  22:38  Hydralisk  
  180  22:39  Hydralisk x3  
  180  22:45  Hydralisk x8  
  180  22:46  Hydralisk x3  
  180  22:50  Drone x2  
  200  22:51  Extractor  
  200  22:52  Extractor  
  188  23:07  Infestor x2  
  188  23:08  Infestor x3  
  170  23:29  Hatchery  
  170  23:31  Zergling x2, Hatchery  
  170  23:32  Zergling x36  
  159  23:44  Overseer  
  159  23:49  Infestor x5  
  159  23:50  Infestor x9  
  159  23:52  Drone x3  
  190  23:59  Baneling x4  
  190  24:11  Zergling x20  
  190  24:13  Drone x17  
  196  24:33  Infestor x14  
  196  24:38  Drone x2  
  198  24:50  Extractor  
  198  24:52  Extractor  
  190  24:53  Baneling x6  
  131  25:17  Drone  
  131  25:18  Drone x5  
  131  25:19  Drone x3  
  131  25:20  Drone x7  
  145  25:23  Drone x2  
  145  25:24  Drone x3  
  145  25:25  Hydralisk, Drone x3  
  145  25:26  Hydralisk x2  
  159  25:30  Hydralisk  
  159  25:31  Hydralisk x2  
  165  25:36  Hydralisk  
  165  25:37  Hydralisk x3  
  165  25:38  Queen x2  
  165  25:53  Spine Crawler  
  165  25:54  Spine Crawler  
  165  25:55  Spine Crawler x2  
  165  25:58  Spine Crawler  
Show
View Real Time Build Order
Export as new Build Order

BuRning Terran 

Build Orders: 2 Factory, Mech 

Get SALT Encoding   

  12  0:00  SCV  
  13  0:13  SCV  
  14  0:22  Supply Depot  
  14  0:25  SCV  
  15  0:44  Barracks  
  15  0:52  Barracks  
  15  0:56  SCV  
  16  1:07  Refinery  
  16  1:08  SCV  
  17  1:20  SCV  
  18  1:30  Marine  
  18  1:32  Orbital Command  
  20  1:47  Supply Depot  
  20  1:49  Bunker  
  20  1:51  Marine  
  21  1:55  Supply Depot  
  21  2:00  Reaper  
  21  2:05  SCV  
  22  2:18  Marine  
  22  2:21  Bunker  
  23  2:28  SCV  
  22  2:36  Factory  
  22  2:47  SCV  
  23  2:59  SCV  
  23  3:03  Command Center  
  24  3:13  SCV, Factory  
  25  3:22  Hellion  
  25  3:24  Refinery  
  25  3:25  SCV, Supply Depot  
  28  3:39  SCV  
  29  3:42  Bunker  
  29  3:43  Hellion  
  31  3:49  Engineering Bay  
  31  3:51  Supply Depot  
  31  4:02  SCV  
  34  4:09  Factory Tech Lab  
  32  4:11  Starport  
  32  4:15  Orbital Command  
  32  4:19  SCV  
  32  4:24  Hellion  
  35  4:28  Siege Tank  
  39  4:32  SCV  
  39  4:34  Orbital Command  
  39  4:49  Command Center  
  39  4:54  Viking  
  39  4:58  SCV  
  42  5:07  Barracks Reactor  
  42  5:09  SCV  
  42  5:11  SCV  
  44  5:21  SCV  
  45  5:23  Siege Tank, SCV  
  45  5:27  Refinery  
  45  5:28  Refinery  
  49  5:33  SCV  
  50  5:36  SCV  
  50  5:39  Supply Depot  
  51  5:43  Supply Depot  
  51  5:45  SCV  
  51  5:48  SCV  
  53  5:51  Hellion x2  
  57  5:57  SCV  
  57  5:59  Infernal Pre-Igniter  
  57  6:00  SCV, Hellion  
  57  6:02  Orbital Command  
  61  6:09  SCV  
  62  6:12  SCV  
  62  6:15  Factory  
  63  6:20  Orbital Command  
  63  6:21  SCV  
  63  6:24  SCV  
  64  6:28  Hellion x2  
  64  6:32  Cyclone  
  65  6:33  SCV  
  65  6:36  SCV  
  67  6:42  Armory  
  67  6:45  SCV  
  67  6:46  Armory  
  68  6:48  SCV x2  
  70  6:57  Hellion  
  70  6:58  SCV, Hellion  
  70  7:00  SCV x2  
  77  7:03  Starport Reactor  
  77  7:04  Factory  
  77  7:05  Factory  
  77  7:09  Cyclone  
  77  7:10  SCV  
  77  7:12  Factory Tech Lab  
  77  7:15  SCV x2, Supply Depot  
  83  7:21  Hellion x2  
  87  7:23  SCV  
  87  7:27  SCV  
  87  7:28  Mag-Field Accelerator  
  87  7:29  SCV  
  90  7:35  SCV  
  90  7:36  Cyclone  
  94  7:39  Engineering Bay, SCV  
  94  7:41  SCV  
  96  7:45  Refinery x2, Hellion x2  
  96  7:47  SCV  
  99  7:52  SCV  
  99  7:53  SCV  
  99  7:55  Factory Tech Lab  
  99  7:56  Factory Reactor  
  97  7:59  SCV  
  97  8:04  Command Center, Cyclone  
  97  8:05  Starport Reactor  
  101  8:08  Terran Vehicle Weapons Level 1  
  101  8:09  Hellion  
  101  8:10  Terran Vehicle And Ship Armor Level 1  
  101  8:14  SCV  
  101  8:18  Supply Depot x2  
  101  8:20  Supply Depot  
  101  8:23  SCV  
  101  8:26  Hellion x3  
  108  8:28  SCV  
  109  8:38  Liberator  
  109  8:40  Hellion, SCV x2, Cyclone x2  
  119  8:44  Supply Depot  
  119  8:45  Supply Depot  
  119  8:47  Siege Tank  
  122  8:49  Liberator  
  122  8:54  Hellion x2  
  122  8:55  Hellion  
  131  8:57  SCV  
  131  9:01  SCV  
  133  9:06  SCV  
  133  9:08  Hellion  
  133  9:09  SCV  
  140  9:11  Supply Depot  
  140  9:12  Cyclone  
  140  9:13  Siege Tank, Supply Depot  
  146  9:18  Supply Depot  
  146  9:20  SCV  
  146  9:21  SCV  
  148  9:26  Siege Tank  
  148  9:29  Hellion x2  
  139  9:33  Planetary Fortress  
  139  9:34  SCV x2  
  139  9:35  SCV  
  142  9:44  Hellion x2  
  146  9:46  Orbital Command, SCV  
  146  9:51  Factory  
  146  9:52  Factory  
  147  9:53  Orbital Command  
  147  9:54  Siege Tank  
  147  9:56  Factory  
  147  9:58  SCV  
  151  10:05  Terran Vehicle Weapons Level 2, Terran Vehicle And Ship Armor Level 2  
  151  10:11  SCV  
  152  10:18  Supply Depot  
  152  10:19  Hellion x2, Supply Depot  
  152  10:20  Supply Depot  
  156  10:22  SCV x2  
  156  10:23  SCV  
  159  10:31  Hellion, Cyclone x2  
  169  10:36  Liberator  
  169  10:42  Factory Reactor, Factory Tech Lab  
  167  10:43  Factory Tech Lab  
  167  10:49  Widow Mine, Hellion  
  144  10:50  Drilling Claws  
  144  10:53  Widow Mine x2  
  138  10:57  Missile Turret  
  138  10:58  Missile Turret  
  138  11:01  SCV x2  
  138  11:02  SCV  
  141  11:05  Refinery  
  141  11:06  Refinery  
  141  11:07  Command Center  
  141  11:10  Siege Tank x2  
  151  11:11  Siege Tank, Hellion x2  
  151  11:14  SCV  
  155  11:23  Missile Turret  
  153  11:26  Missile Turret  
  153  11:28  Cyclone x2, Hellion x2  
  144  11:34  Hellion  
  144  11:35  Hellion  
  144  11:38  Hellion x2  
  138  11:42  Hellion, Cyclone  
  138  11:43  Hellion  
  138  11:45  Liberator x2  
  141  11:53  Hellion x2  
  141  11:58  Command Center  
  141  12:00  Siege Tank, Cyclone  
  141  12:01  Widow Mine, Hellion x3  
  155  12:04  Widow Mine  
  163  12:11  Thor  
  163  12:12  Sensor Tower  
  171  12:16  Widow Mine x2  
  171  12:22  Siege Tank  
  176  12:24  SCV  
  176  12:25  SCV  
  176  12:27  Siege Tank, Widow Mine x2  
  189  12:30  Hellion x2  
  189  12:33  Hellion  
  191  12:41  Thor  
  191  12:43  Refinery  
  197  12:46  Terran Ship Weapons Level 1  
  197  12:47  Refinery  
  188  12:57  Thor  
  177  13:00  Starport  
  177  13:01  Starport  
  177  13:06  Planetary Fortress  
  177  13:09  Hellion x2  
  181  13:16  Siege Tank, Hellion x2  
  169  13:27  Siege Tank, Hellion  
  161  13:36  Viking  
  161  13:37  Siege Tank, Viking, Hellion x2  
  152  13:42  SCV x2  
  152  13:43  SCV x2  
  152  13:44  SCV  
  139  13:51  Starport Tech Lab, Starport Reactor  
  139  13:54  Orbital Command, SCV  
  140  13:59  SCV x2, Supply Depot  
  140  14:01  Missile Turret  
  140  14:02  Siege Tank, Widow Mine x3, Supply Depot  
  151  14:03  Siege Tank x2, Thor  
  151  14:08  SCV  
  151  14:09  SCV  
  165  14:15  Fusion Core  
  165  14:17  Siege Tank, Hellion x2  
  165  14:23  Command Center, SCV  
  173  14:24  SCV  
  173  14:30  Liberator  
  172  14:33  Hellion x3  
  172  14:34  Siege Tank  
  175  14:41  Siege Tank, Hellion x2  
  175  14:47  Hellion x2  
  173  14:57  Viking x3  
  176  15:00  Viking  
  178  15:12  Supply Depot  
  178  15:14  Terran Ship Weapons Level 2, Terran Vehicle And Ship Armor Level 3  
  178  15:24  Engineering Bay  
  178  15:25  Widow Mine  
  178  15:26  Widow Mine x2  
  182  15:31  Thor, Widow Mine x5  
  182  15:34  Supply Depot  
  196  15:42  Liberator x4  
  194  15:43  Liberator, Command Center  
  182  15:57  Missile Turret  
  182  15:58  Refinery, Sensor Tower  
  182  16:00  Refinery, Missile Turret  
  195  16:05  Planetary Fortress  
  195  16:16  Hellion  
  195  16:17  Hellion x2  
  197  16:29  Command Center  
  197  16:30  Command Center  
  197  16:36  Neosteel Armor  
  197  16:39  Missile Turret  
  195  16:42  Viking  
  162  16:55  Viking  
  162  16:56  Viking x3  
  167  17:03  Orbital Command  
  167  17:08  Hellion x4  
  175  17:12  Viking  
  177  17:20  Thor  
  183  17:25  Viking  
  179  17:30  Terran Vehicle Weapons Level 3  
  179  17:34  Viking x2  
  179  17:36  Viking  
  185  17:41  Orbital Command  
  184  17:47  Command Center  
  184  17:53  Viking  
  184  17:55  Viking, Hellion x3  
  194  18:00  Starport  
  194  18:01  Starport  
  194  18:04  Viking x2  
  198  18:05  Viking  
  200  18:18  Terran Ship Weapons Level 3  
  173  18:35  Thor x3, Hellion x4  
  173  18:40  Orbital Command  
  199  18:52  Starport Tech Lab  
  199  18:53  Starport Tech Lab  
  199  19:04  Orbital Command  
  199  19:17  Refinery  
  199  19:19  Missile Turret x2  
  199  19:32  Command Center  
  199  19:37  Liberator x2  
  199  19:38  Liberator x3  
  184  19:42  Starport  
  184  19:44  Missile Turret  
  184  19:45  Missile Turret  
  173  19:56  Thor x2  
  200  20:15  Missile Turret  
  200  20:16  Weapon Refit  
  192  20:48  Planetary Fortress  
  192  20:50  Missile Turret  
  186  20:58  Hellion x6  
  198  21:12  Hi-Sec Auto Tracking  
  198  21:17  Liberator x2  
  197  21:50  Siege Tank  
  191  22:15  Siege Tank x4  
  164  22:35  Siege Tank, Hellion x4  
  164  22:36  Viking x3  
  146  22:43  Battlecruiser, Hellion x2  
  146  22:44  Orbital Command, Battlecruiser x2  
  158  22:47  Siege Tank, Thor  
  139  23:00  Hellion x3  
  139  23:05  Refinery  
  139  23:13  Thor, Hellion x4  
  139  23:14  Viking x2  
  148  23:25  Hellion x2  
  140  23:27  Hellion x2  
  140  23:28  Hellion  
  140  23:30  Hellion  
  140  23:33  Viking  
  140  23:34  Hellion x3  
  140  23:37  Refinery  
  140  23:39  Missile Turret  
  140  23:41  Refinery  
  131  23:46  Hellion x2  
  131  23:47  Viking x3, Hellion  
  131  23:48  Viking, Battlecruiser x2  
  157  23:49  Hellion x2  
  161  24:05  Hellion  
  161  24:06  Hellion x2  
  163  24:11  Hellion x3  
  169  24:18  Battlecruiser  
  175  24:28  Hellion x4  
  175  24:29  Hellion x10  
  175  24:34  Thor x2  
  181  24:45  Hellion x3  
  189  24:46  Hellion  
  185  24:57  Orbital Command  
  144  25:11  Siege Tank, Hellion  
  144  25:14  Battlecruiser  
  132  25:21  Hellion  
  132  25:38  Orbital Command  
  124  25:53  Hellion x2  
  130  25:57  Hellion  
Tags
 
Add a new tag
Caveats
  • Supply blocks, unpowered buildings, or Contaminate may cause inaccurate times.
  • Supply counts are checked every 10 seconds.